 Dungeon Crawl Stone Soup version 0.25-a0-346-g140ab784a8 (webtiles) character file.

Game seed: 16416106544828387178, levelgen mode: classic

565518 Borgoz the Executioner (level 25, -5/245 HPs)
             Began as a Minotaur Berserker on Dec 31, 2019.
             Was a High Priest of Trog.
             Slain by an ancient champion
             ... wielding a +1 great sword
              (16 damage)
             ... on level 3 of the Tomb of the Ancients.
             The game lasted 03:19:53 (50909 turns).

Borgoz the Executioner (Minotaur Berserker)        Turns: 50909, Time: 03:19:54

Health: -5/245     AC: 41    Str: 33    XL:     25   Next: 48%
Magic:  0/25       EV: 25    Int:  8    God:    Trog [*****.]
Gold:   4352       SH: 12    Dex: 24    Spells: 24/24 levels left

rFire    + + .     SeeInvis .   a - +6 war axe of Valiance {chop, +Inv Str+7 Dex+2}
rCold    + . .     Gourm    .   N - +3 warlock's mirror {reflect}
rNeg     + + .     Faith    .   u - +9 gold dragon scales of the Trombone {*Drain rElec rPois rF+ rC+ rN+ Int+2 Dex+4}
rPois    +         Spirit   +   (helmet restricted)
rElec    +         Reflect  +   F - scarf {Spirit}
rCorr    +         Harm     .   j - +3 pair of gauntlets of War {Slay+5}
MR       ++++.                  (no boots)
Stlth    ..........             e - amulet of regeneration
HPRegen  1.90/turn              S - ring of Cenlijo {rN+ rCorr}
MPRegen  0.19/turn              X - ring of Sunlight {rF+ MR+}

@: marked, very slightly contaminated, regenerating, slowed, studying Staves,
invisible, very slow
A: retaliatory headbutt, horns 2, talons 2, yellow scales 1, agile 1
}: 3/15 runes: decaying, silver, gossamer
a: Berserk, Trog's Hand, Brothers in Arms, Renounce Religion


You were on level 3 of the Tomb of the Ancients.
You worshipped Trog.
Trog was extremely pleased with you.
You were hungry.

You visited 9 branches of the dungeon, and saw 45 of its levels.
You visited the Abyss 2 times.
You also visited: Trove and Bailey.

You collected 6094 gold pieces.
You spent 1742 gold pieces at shops.

Inventory:

Hand Weapons
 a - the +6 war axe of Valiance (weapon) {chop, +Inv Str+7 Dex+2}
   (Trog gifted it to you on level 4 of the Vaults)

   It inflicts extra damage upon your enemies.
   It affects your strength (+7).
   It affects your dexterity (+2).
   It lets you turn invisible.
 b - the +7 lajatang of Order {silver, rMut}
   (You took it off a deep elf death mage on level 3 of the Elven Halls)

   It protects you from mutation.
 P - the +8 demon blade "Bloodbane" {slice, *Rage +Rage Stlth-}
   (You found it on level 3 of the Crypt)

   It inflicts extra damage upon your enemies.
   It lets you go berserk.
   It may make you go berserk in combat.
   It makes you less stealthy.
 Z - the +11 quarterstaff of Trog's Righteous Anger {crush, rPois Str+5 Int+2 Stlth-}
   (Trog gifted it to you on level 1 of the Tomb of the Ancients)

   It inflicts extra damage upon your enemies.
   It affects your strength (+5).
   It affects your intelligence (+2).
   It protects you from poison.
   It makes you less stealthy.
Missiles
 G - 2 throwing nets (quivered)
Armour
 j - the +3 pair of gauntlets of War (worn) {Slay+5}
   (You acquired it on level 5 of the Vaults)

   It affects your accuracy and damage with ranged weapons and melee attacks
   (+5).
 u - the +9 gold dragon scales of the Trombone (worn) {*Drain rElec rPois rF+ rC+ rN+ Int+2 Dex+4}
   (You found it in a bailey)

   It affects your intelligence (+2).
   It affects your dexterity (+4).
   It protects you from fire.
   It protects you from cold.
   It insulates you from electricity.
   It protects you from poison.
   It protects you from negative energy.
   It causes draining when unequipped.
 F - a scarf of spirit shield (worn)
 N - the +3 warlock's mirror (worn) {reflect}
   (You acquired it on level 4 of the Vaults)
Jewellery
 e - an amulet of regeneration (around neck)
 o - a +4 ring of dexterity
 z - the ring "Laloff" {MR++ MP+9 Int+3 Dex-3 Stlth+}
   (You found it on level 5 of the Vaults)

   [ring of intelligence]

   It affects your intelligence (+3).
   It affects your dexterity (-3).
   It affects your resistance to hostile enchantments.
   It affects your magic capacity (+9).
   It makes you more stealthy.
 C - an uncursed ring of see invisible
 D - the ring "Zoem" {-Tele rElec rPois AC+4 Stlth+}
   (You found it on level 3 of the Vaults)

   [ring of protection]

   It affects your AC (+4).
   It insulates you from electricity.
   It protects you from poison.
   It prevents most forms of teleportation.
   It makes you more stealthy.
 H - the ring "Appe" {+Fly rPois rC+ MR+}
   (You took it off a deep elf death mage on level 3 of the Elven Halls)

   [ring of protection from cold]

   It protects you from cold.
   It protects you from poison.
   It affects your resistance to hostile enchantments.
   It lets you fly.
 S - the ring of Cenlijo (left hand) {rN+ rCorr}
   (You took it off a deep elf knight on level 3 of the Elven Halls)

   [ring of resist corrosion]

   It protects you from negative energy.
   It provides partial protection from all sources of acid and corrosion.
 X - the ring of Sunlight (right hand) {rF+ MR+}
   (You took it off a deep elf annihilator on level 3 of the Elven Halls)

   [ring of protection from magic]

   It protects you from fire.
   It affects your resistance to hostile enchantments.
Wands
 h - a wand of scattershot (5)
 l - a wand of digging (5)
 w - a wand of flame (16)
 J - a wand of paralysis (21)
 M - a wand of acid (25)
 Q - a wand of iceblast (17)
 R - a wand of disintegration (27)
 T - a wand of random effects (14)
Scrolls
 d - 12 scrolls of teleportation
 i - 3 scrolls of blinking
 m - 17 scrolls of remove curse
 p - a scroll of enchant armour
 q - 13 scrolls of identify
 r - 4 scrolls of fog
 v - 6 scrolls of fear
 x - 3 scrolls of magic mapping
 y - 2 scrolls of enchant weapon
 A - 4 scrolls of holy word
 B - 4 scrolls of summoning
 W - a scroll of silence
Potions
 f - 7 potions of agility
 g - 11 potions of curing
 k - 2 potions of haste
 n - 6 potions of cancellation
 s - 2 potions of berserk rage
 t - 4 potions of might
 E - 9 potions of flight
 I - 3 potions of resistance
 L - a potion of brilliance
 O - a potion of invisibility
 U - 2 potions of mutation
 Y - a potion of lignification
Books
 V - a manual of Staves
Comestibles
 c - 67 rations


   Skills:
 + Level 24.1 Fighting
 + Level 25.2 Axes
 + Level 14.0 Staves
 + Level 24.0 Armour
 + Level 22.4 Dodging
 - Level 15.0 Shields
 - Level 5.0 Evocations


You had 24 spell levels left.
You didn't know any spells.
Your spell library contained the following spells:

 Spells                   Type           Power        Failure   Level  Hunger
 Sting                    Tmut/Pois      #...         95%         1    ##.....
 Passwall                 Tmut/Erth      #.......     98%         2    ###....
 Ice Form                 Ice/Tmut       #.......     100%        4    #####..
 Eringya's Noxious Bog    Tmut/Pois      #.........   100%        6    #######
 Statue Form              Tmut/Erth      #........    100%        6    #######


Dungeon Overview and Level Annotations

Branches:
Dungeon (15/15)            Temple (0/1) D:4            Lair (6/6) D:8
  Swamp (4/4) Lair:2       Spider (4/4) Lair:2        Slime (0/5) Lair:5
    Orc (2/2) D:10            Elf (3/3) Orc:2        Vaults (5/5) D:14
  Crypt (3/3) Vaults:2       Tomb (3/3) Crypt:3      Depths (0/5) D:15
 Bailey (visited)

Altars:
Dithmenos
Elyvilon
Fedhas
Gozag
Hepliaklqana
Kikubaaqudgha
Nemelex Xobeh
Okawaru
Qazlal
Ru
Sif Muna
Trog
Uskayaw
Vehumet
Wu Jian
Xom
Zin
The Shining One
Beogh

Shops:
D:5 *   D:9 :   D:15 [   Orc:2 (?}*   Elf:1 }==   Vaults:1 =


Innate Abilities, Weirdness & Mutations

You reflexively headbutt those who attack you in melee.
You have a pair of horns on your head.
You have razor-sharp toenails.
You are partially covered in yellow scales. (AC +2)
You are agile. (Dex +2)


Message History

You block the death scarab's attack. The bennu pecks you.
The bennu claws you but does no damage. The bennu completely misses you.
The bennu's plumage briefly flares with an otherwordly flame.
The bennu closely misses you. You furiously retaliate!
You headbutt the bennu, but do no damage.
The bennu claws you but does no damage. x2
The death scarab closely misses you. The death scarab completely misses you.
The ancient champion barely misses you.
The ushabti shakes and rattles deafeningly!
The bennu pecks you but does no damage. The bennu claws you!
* * * LOW HITPOINT WARNING * * *
The bennu claws you but does no damage.
The lich touches you but does no damage.
You block the bennu's attack. The bennu completely misses you. x2
The death scarab barely misses you. You furiously retaliate!
You headbutt the death scarab, but do no damage.
The death scarab barely misses you. You furiously retaliate!
You headbutt the death scarab!
The ancient champion hits you with a +1 great sword!!
You die... #+## ....# .....# ......# ^...^.<## ssM.Ms.Ms

........##zsMMMsVs
......††b##sMMsss#
......s@L##MssbMs#
$.^^.[sbz2#sLsMss#
$$$.^.)bZ4#Mz.L..#
"$......††sz††Ms.+
)$$$..^...#MM)sM.#
=)$)......#zzzz..#
|=$$?..$.##.8W.).#
}}[[.....##......#
=)$....###^.†...#


You could see a hell beast, a lich, 3 bennus, 2 ancient champions, 3 skeletal
warriors, an orange demon, 2 guardian mummies, an ushabti, a wraith, 3 death
scarabs, a flying skull and a snapping turtle skeleton.

Vanquished Creatures
  6 ancient liches
  Mara (Spider:3)
  2 greater mummies
  Bai Suzhen (Spider:3)
  Xtahua (Vaults:3)
  the Lernaean hydra (Swamp:4)
  The ghost of Geloitur the Imperceptible, a veteran SpEE of Dithmenos (Vaults:3)
  4 bone dragons
  Nikola (Spider:3)
  Arachne (Spider:2)
  Jorgrun (D:14)
  The ghost of Onaigh the Brawler, an adept NaAE of Ru (Vaults:4)
  A tentacled monstrosity (Vaults:5)
  The ghost of Borgoz the Stickfighter, an adept GrGl of Ashenzari (Vaults:1)
  5 titans
  A quicksilver dragon (Vaults:5)
  3 deep elf blademasters
  2 deep elf master archers (Elf:3)
  10 liches
  5 tentacled starspawn
  8 sphinxes
  13 ancient champions
  2 thorn hunters
  4 storm dragons
  Kirke (D:14)
  2 shadow dragons (Vaults:5)
  4 tengu reavers
  Roxanne (Spider:2)
  Donald (Spider:3)
  3 revenants
  3 deep elf sorcerers
  A frost giant (Vaults:4)
  16 vault wardens
  2 orc warlords
  2 curse skulls (Crypt:1)
  4 ghost moths (Spider:4)
  5 emperor scorpions
  4 deep elf elementalists (Elf:3)
  4 very ugly things
  10 ironheart preservers
  2 war gargoyles
  9 stone giants
  7 entropy weavers
  2 vampire knights
  13 bennus
  7 deep elf demonologists
  6 spark wasps (Spider:4)
  5 deep elf annihilators
  5 eidola
  6 ettins
  A purple draconian (Abyss:3)
  2 green deaths (Swamp:4)
  10 deep elf death magi
  Snorg (D:14)
  A fire dragon (Vaults:1)
  3 deep elf high priests (Elf:3)
  10 jiangshi
  A quicksilver dragon zombie (Crypt:1)
  12 yaktaur captains
  10 mummy priests
  A spectral golden dragon (Vaults:1)
  4 ice dragons
  2 rakshasas (Vaults:2)
  A great orb of eyes (Vaults:4)
  A spectral shadow dragon (Vaults:1)
  Fannar (D:11)
  A ghost crab (Swamp:1)
  35 vault guards
  19 hydras
  A spectral sphinx (Vaults:1)
  8 centaur warriors
  A shambling mangrove (Swamp:3)
  The ghost of Esoasiq the Carver, a journeyman DsGl of Hepliaklqana (Lair:2)
  4 death knights
  22 dancing weapons
  12 alligators
  55 two-headed ogres
  The ghost of Borgoz the Protected, a journeyman GrFi of Ashenzari (D:9)
  2 spectral humans (Vaults:1)
  6 vampire magi
  49 death scarabs
  A tengu warrior (D:14)
  14 ogre magi
  2 death yaks (Lair:5)
  2 deep troll shamans (Vaults:4)
  A queen ant (Spider:2)
  3 deep troll earth magi
  Urug (D:12)
  4 thrashing horrors
  3 orc high priests (Vaults:4)
  A storm dragon zombie (Vaults:4)
  The ghost of Borgoz the Carver, a novice GrFi of Ashenzari (D:10)
  Nergalle (Lair:1)
  19 deep elf knights
  A spectral storm dragon (Vaults:1)
  A titan skeleton (Crypt:3)
  2 soul eaters
  Sonja (D:10)
  A spectral yaktaur (Vaults:1)
  9 shadow wraiths
  A wretched star (Abyss:5)
  A sixfirhy (Abyss:3)
  A quicksilver dragon simulacrum (Crypt:3)
  A storm dragon skeleton (Crypt:2)
  62 skeletal warriors
  4 unseen horrors
  A spatial maelstrom (Abyss:5)
  A sea snake (shapeshifter) (Vaults:5)
  4 glowing orange brains
  14 deep trolls
  A spriggan druid (Swamp:4)
  A spectral iron dragon (Crypt:1)
  13 flayed ghosts
  A swamp dragon (shapeshifter) (Vaults:4)
  An anaconda zombie (Tomb:2)
  2 wizards (Vaults:2)
  Pikel (D:6)
  A golden dragon skeleton (Crypt:3)
  7 harpies
  9 swamp dragons
  2 lindwurms
  15 deep elf archers
  17 ironbrand convokers
  An anaconda skeleton (Crypt:3)
  3 phantasmal warriors
  7 necromancers
  28 wolf spiders
  A mana viper (Abyss:5)
  47 deep elf magi
  43 ugly things
  13 orb spiders
  16 orc knights
  A salamander (shapeshifter) (Vaults:3)
  3 manticores
  5 cyclopes
  2 orc sorcerers
  A spectral ettin (Vaults:1)
  2 centaur zombies
  9 large abominations
  3 worldbinders (Abyss:3)
  A shadow dragon skeleton (Crypt:3)
  An iron dragon skeleton (Crypt:3)
  A stone giant zombie (Crypt:2)
  A stone giant skeleton (D:15)
  4 black mambas
  3 moths of wrath
  A fire giant skeleton (Crypt:3)
  A guardian serpent (shapeshifter) (Elf:2)
  4 elephants
  4 smoke demons
  An apocalypse crab (Abyss:5)
  Joseph (Lair:1)
  2 titan simulacra (Crypt:3)
  2 storm dragon simulacra (Crypt:3)
  2 frost giant skeletons
  A gargoyle (D:13)
  19 vault sentinels
  A centaur skeleton (D:13)
  A yellow draconian zombie (Crypt:2)
  6 torpor snails
  19 spiny frogs
  A torpor snail (shapeshifter) (Vaults:5)
  3 orange demons (Swamp:4)
  3 rime drakes
  A white draconian zombie (Crypt:1)
  2 yaktaur zombies
  A black draconian zombie (Crypt:1)
  A dire elephant skeleton (Crypt:3)
  A grey draconian skeleton (Crypt:2)
  16 freezing wraiths
  17 komodo dragons
  An anaconda simulacrum (Crypt:2)
  29 yaktaurs
  A sea snake zombie (Crypt:3)
  2 kobold demonologists (D:14)
  A purple draconian skeleton (Crypt:2)
  2 hellwings (Abyss:3)
  17 guardian mummies
  A silent spectre (Abyss:5)
  A meliai (shapeshifter) (Vaults:5)
  9 trolls
  19 demonic crawlers
  A yellow draconian skeleton (Crypt:1)
  A troll (shapeshifter) (Elf:1)
  41 jumping spiders
  17 tyrant leeches
  A polar bear (Lair:5)
  A queen bee (D:10)
  A hornet (shapeshifter) (Vaults:2)
  2 shadow dragon simulacra
  2 hydra skeletons (Crypt:3)
  30 hornets
  15 blink frogs
  8 bog bodies
  5 dream sheep (Lair:4)
  2 fire dragon zombies
  A hippogriff (shapeshifter) (Vaults:5)
  6 raiju
  12 hippogriffs
  58 slime creatures
  2 frost giant simulacra
  A meliai zombie (D:14)
  A dream sheep (shapeshifter) (Vaults:5)
  3 stone giant simulacra
  An iron dragon simulacrum (Crypt:3)
  A fire giant simulacrum (Vaults:1)
  4 ice dragon skeletons
  2 vampires
  An alligator skeleton (Crypt:3)
  A spriggan (shapeshifter) (Vaults:5)
  Sigmund (D:2)
  23 flying skulls
  81 redbacks
  58 yaks
  4 air elementals
  A centaur simulacrum (D:14)
  2 fire dragon skeletons (Crypt:3)
  2 ynoxinuls (Abyss:3)
  7 spriggans
  8 starcursed masses
  9 wyverns
  A tyrant leech zombie (Crypt:1)
  3 shadows
  10 ushabtiu
  25 tarantellas
  6 water elementals
  17 wraiths
  3 ettin skeletons
  A steam dragon (D:11)
  Grum (D:9)
  A hungry ghost (D:7)
  4 basilisks
  A fire elemental (Elf:3)
  2 neqoxecs (Abyss:3)
  A hog (D:14)
  16 humans
  A golden eye (Abyss:3)
  4 small abominations
  A black mamba skeleton (Crypt:3)
  2 yaktaur simulacra (Vaults:1)
  3 chaos spawn
  6 vampire mosquitoes (Swamp:2)
  A human simulacrum (Vaults:3)
  An ogre zombie (Vaults:1)
  2 wargs
  13 soldier ants (Spider:2)
  16 swamp worms
  4 acid dragons
  14 insubstantial wisps
  13 water moccasins
  3 hell hounds (Abyss:5)
  A deep troll skeleton (Crypt:1)
  3 hydra simulacra (Crypt:3)
  A merfolk skeleton (Crypt:3)
  2 black bears (shapeshifter)
  A fire dragon simulacrum (Crypt:3)
  6 porcupines
  5 swamp drakes
  An eye of draining (shapeshifter) (Abyss:3)
  6 sky beasts
  A spiny frog skeleton (Tomb:1)
  6 ice beasts
  3 ettin simulacra
  30 orc warriors
  A hornet zombie (D:5)
  4 slaves
  A black bear (Lair:3)
  An elf zombie (Vaults:4)
  3 phantoms
  3 wolves
  49 ogres
  A snapping turtle skeleton (Crypt:2)
  An elephant skeleton (Crypt:3)
  16 centaurs
  An elf simulacrum (Vaults:4)
  An elf skeleton (Vaults:4)
  2 swamp dragon skeletons
  19 crocodiles
  2 big kobolds
  A hog skeleton (Crypt:1)
  20 bullfrogs
  A komodo dragon zombie (Crypt:1)
  An earth elemental (Elf:3)
  A hippogriff skeleton (Crypt:2)
  A gnoll sergeant (D:9)
  A warg zombie (Crypt:3)
  A cyclops skeleton (Crypt:1)
  7 scorpions
  A water moccasin skeleton (D:6)
  2 queen bee zombies
  28 wights
  16 killer bees
  A howler monkey (D:14)
  A troll skeleton (Crypt:1)
  An electric eel (Spider:1)
  3 swamp dragon simulacra (Crypt:3)
  8 crimson imps
  A basilisk zombie (Crypt:2)
  2 bullfrog zombies
  A quasit (D:9)
  2 bullfrog skeletons
  4 hounds
  9 orc priests
  8 jellies
  2 human skeletons
  Terence (D:2)
  3 iguanas
  13 orc wizards
  A troll simulacrum (Crypt:3)
  6 yak simulacra (Lair:4)
  26 worker ants
  3 wolf simulacra (Lair:4)
  A crocodile zombie (Crypt:3)
  A killer bee zombie (Crypt:3)
  2 hound zombies
  A hound skeleton (D:5)
  27 mummies
  4 worker ant zombies
  9 gnolls
  A swamp drake zombie (Crypt:1)
  16 adders
  3 shadow imps
  2 white imps (Abyss:3)
  An ooze (D:1)
  An adder skeleton (D:5)
  A halfling skeleton (Crypt:3)
  An iguana skeleton (Crypt:1)
  2 worms
  A barachi skeleton (Crypt:2)
  A dart slug (D:5)
  12 leopard geckos
  92 orcs
  6 giant cockroaches
  10 goblins
  6 hobgoblins
  17 jackals
  4 quokkas
  A ball python (D:8)
  6 bats
  4 frilled lizards
  A jackal skeleton (D:4)
  23 kobolds
  A kobold skeleton (Crypt:3)
  A leopard gecko skeleton (D:8)
  A leopard gecko zombie (D:5)
  11 rats
  A rat zombie (Crypt:3)
  2 river rat simulacra (Lair:4)
  5 briar patches (Swamp:2)
  2 crawling corpses (Elf:3)
  9 fungi
  A plant (Lair:6)
  3 starspawn tentacles (Abyss:5)
2333 creatures vanquished.

Vanquished Creatures (collateral kills)
  2 dancing weapons (Elf:2)
  3 deep elf knights (Elf:2)
  A skeletal warrior (Tomb:3)
  A deep elf mage (Elf:1)
  2 guardian mummies (Tomb:3)
  A fungus (Lair:1)
10 creatures vanquished.

Vanquished Creatures (others)
  A revenant (Tomb:1)
  An ogre mage (Vaults:5)
  3 deep elf archers (Elf:3)
  An ironbrand convoker (Vaults:3)
  An ugly thing (Vaults:3)
  A vault sentinel (Vaults:5)
  6 yaktaurs
  A guardian mummy (Tomb:2)
  A slime creature (Swamp:2)
  A yak (D:14)
  A redback (Spider:4)
  A human (D:14)
  A swamp drake (Swamp:3)
  An orc warrior (Vaults:5)
  A centaur (Vaults:1)
  A mummy (Tomb:2)
  A fungus (Lair:2)
  A lurking horror (Abyss:3)
  10 plants (Lair:6)
  10 starspawn tentacles
45 creatures vanquished.

Grand Total: 2388 creatures vanquished

Notes
Turn   | Place    | Note
-------+----------+-------------------------------------------
     0 | D:1      | Borgoz the Minotaur Berserker began the quest for the Orb.
     0 | D:1      | Reached XP level 1. HP: 19/19 MP: 0/0
   164 | D:1      | Reached XP level 2. HP: 25/27 MP: 1/1
   185 | D:1      | Reached skill level 4 in Axes
   367 | D:1      | Reached ** piety under Trog
   410 | D:1      | Found an iron altar of Okawaru.
   716 | D:1      | Reached XP level 3. HP: 33/33 MP: 2/2
   962 | D:2      | Noticed Terence
   974 | D:2      | Killed Terence
   974 | D:2      | Reached XP level 4. HP: 15/40 MP: 3/3
  1097 | D:2      | Noticed Sigmund
  1109 | D:2      | Killed Sigmund
  1109 | D:2      | Reached skill level 5 in Axes
  1109 | D:2      | Reached XP level 5. HP: 40/47 MP: 4/4
  1277 | D:2      | Reached XP level 6. HP: 48/55 MP: 5/5
  1464 | D:2      | Reached skill level 6 in Axes
  1584 | D:3      | You fall into a shaft and drop 2 floors!
  1584 | D:5      | Entered Level 5 of the Dungeon
  1653 | D:5      | Reached skill level 5 in Fighting
  1698 | D:5      | Reached *** piety under Trog
  1749 | D:5      | Reached XP level 7. HP: 50/61 MP: 6/6
  1805 | D:5      | Found an opulent altar of Gozag.
  1807 | D:5      | Found Gozag's Platinum Reserve.
  1825 | D:5      | Reached skill level 7 in Axes
  2275 | D:3      | Reached skill level 5 in Armour
  2363 | D:3      | Found a blossoming altar of Fedhas.
  2378 | D:3      | Reached **** piety under Trog
  2534 | D:3      | Found a sparkling altar of Nemelex Xobeh.
  2776 | D:4      | Found a white marble altar of Elyvilon.
  3036 | D:4      | Found a bloodstained altar of Trog.
  3106 | D:4      | Found a staircase to the Ecumenical Temple.
  3723 | D:6      | Noticed Pikel
  3727 | D:6      | Noticed a hornet
  3762 | D:6      | Killed Pikel
  3762 | D:6      | Reached skill level 8 in Axes
  3762 | D:6      | Reached skill level 5 in Dodging
  3762 | D:6      | Reached XP level 8. HP: 71/71 MP: 7/7
  3765 | D:6      | Killed a hornet
  3765 | D:6      | Reached skill level 9 in Axes
  3932 | D:6      | Reached XP level 9. HP: 61/79 MP: 8/8
  4058 | D:6      | Reached skill level 10 in Axes
  4151 | D:6      | Found a hide-covered altar of Uskayaw.
  4159 | D:6      | Noticed a +0 dagger
  4160 | D:6      | Noticed a +0 hand axe
  4233 | D:6      | Found a shadowy altar of Dithmenos.
  4900 | D:7      | Reached skill level 11 in Axes
  5052 | D:7      | Found a shadowy altar of Dithmenos.
  5125 | D:8      | Reached ***** piety under Trog
  5125 | D:8      | Received a gift from Trog
  5126 | D:8      | Reached XP level 10. HP: 31/90 MP: 9/9
  5350 | D:8      | Found a staircase to the Lair.
  5586 | D:8      | Found a radiant altar of Vehumet.
  5587 | D:8      | Found a stormy altar of Qazlal.
  5839 | D:8      | Found a hazy altar of Hepliaklqana.
  5888 | D:9      | Found a runed translucent gate.
  5889 | D:9      | Found a runed translucent gate.
  5890 | D:9      | Found a runed translucent gate.
  5902 | D:9      | Reached skill level 12 in Axes
  5904 | D:9      | Noticed Borgoz's ghost (journeyman GrFi)
  6036 | D:9      | You fall into a shaft and drop 2 floors!
  6108 | D:11     | Noticed a manticore
  6121 | D:11     | Killed a manticore
  6183 | D:11     | Found a shimmering blue altar of Sif Muna.
  6186 | D:11     | Noticed an eight-headed hydra
  6210 | D:10     | Entered Level 10 of the Dungeon
  6262 | D:10     | Noticed Sonja
  6262 | D:10     | Noticed a two-headed ogre
  6283 | D:10     | Received a gift from Trog
  6289 | D:10     | Killed a two-headed ogre
  6289 | D:10     | Reached XP level 11. HP: 99/99 MP: 10/10
  6290 | D:10     | Reached skill level 13 in Axes
  6351 | D:10     | Reached skill level 10 in Fighting
  6379 | D:9      | Noticed a two-headed ogre
  6392 | D:9      | Killed a two-headed ogre
  6817 | D:9      | Found Faasif's Book Boutique.
  6892 | D:9      | Noticed Grum
  6913 | D:9      | Killed Grum
  6916 | D:9      | Reached skill level 10 in Armour
  7217 | D:9      | Found a bloodstained altar of Trog.
  7217 | D:9      | Found a blossoming altar of Fedhas.
  7500 | D:9      | Found a glowing golden altar of the Shining One.
  7750 | D:10     | Found a staircase to the Orcish Mines.
  7802 | D:10     | Noticed Borgoz's ghost (novice GrFi)
  7811 | D:10     | Found a transporter.
  7815 | D:10     | Found a transporter.
  8004 | D:10     | Reached skill level 1 in Shields
  8149 | D:10     | Killed Sonja
  8149 | D:10     | Reached skill level 1 in Evocations
  8236 | D:11     | Killed a five-headed hydra
  8396 | D:11     | Noticed a skeletal warrior
  8396 | D:11     | Noticed a skeletal warrior
  8399 | D:11     | Noticed a skeletal warrior
  8402 | D:11     | Killed a skeletal warrior
  8402 | D:11     | Reached skill level 14 in Axes
  8402 | D:11     | Noticed a skeletal warrior
  8411 | D:11     | Killed a skeletal warrior
  8417 | D:11     | Killed a skeletal warrior
  8417 | D:11     | Received a gift from Trog
  8417 | D:11     | Reached XP level 12. HP: 110/110 MP: 12/12
  8475 | D:11     | Found a shimmering altar of Xom.
  8599 | D:11     | Found the +7 mace of Variability {chain chaos}
  8784 | D:11     | Noticed Fannar
  8796 | D:11     | Killed Fannar
  8796 | D:11     | Reached skill level 10 in Dodging
  8830 | D:11     | Noticed a four-headed hydra
  8834 | D:11     | Killed a one-headed hydra
  9184 | D:12     | Found a sacrificial altar of Ru.
  9184 | D:12     | Noticed a four-headed hydra
  9198 | D:12     | Killed a one-headed hydra
  9222 | D:12     | Reached skill level 5 in Shields
  9318 | D:12     | Paralysed by a hornet for 2 turns
  9494 | D:12     | Noticed Urug
  9508 | D:12     | Killed Urug
  9580 | D:12     | Found a flagged portal.
  9592 | D:12     | Got a transparent chain mail
  9601 | Bailey   | Entered a bailey
  9612 | Bailey   | Identified the +2 chain mail "Coukhlec" {+Fly rElec rN+}
                  | (You found it on level 12 of the Dungeon)
  9711 | Bailey   | Received a gift from Trog
  9975 | Bailey   | Got warped gold dragon scales
  9989 | Bailey   | Identified the +9 gold dragon scales of the Trombone
                  | {*Drain rElec rPois rF+ rC+ rN+ Int+2 Dex+4} (You found it
                  | in a bailey)
 10146 | D:12     | Found a glowing golden altar of the Shining One.
 10294 | D:12     | Reached XP level 13. HP: 94/118 MP: 15/15
 10424 | D:13     | Reached skill level 5 in Evocations
 10510 | D:13     | Reached skill level 15 in Axes
 11099 | D:14     | Found a gate to the Vaults.
 11099 | D:14     | Noticed Snorg
 11105 | D:14     | Noticed Jorgrun
 11106 | D:14     | Received a gift from Trog
 11115 | D:14     | Killed Snorg
 11246 | D:14     | Killed Jorgrun
 11354 | D:14     | Noticed Kirke
 11371 | D:14     | Killed Kirke
 11435 | D:14     | Found a glowing silver altar of Zin.
 11577 | D:14     | Reached XP level 14. HP: 129/129 MP: 16/16
 11617 | D:14     | Reached skill level 16 in Axes
 11649 | D:14     | Received a gift from Trog
 11872 | D:15     | Entered Level 15 of the Dungeon
 12266 | D:15     | Found a staircase to the Depths.
 12674 | D:15     | Found Hygegomm's Antique Armour Emporium.
 12702 | D:15     | Bought a runed scarf for 224 gold pieces
 13342 | D:10     | Killed Borgoz's ghost
 13456 | D:9      | Killed Borgoz's ghost
 13509 | Lair:1   | Entered Level 1 of the Lair of Beasts
 13624 | Lair:1   | Noticed Joseph
 13632 | Lair:1   | Killed Joseph
 13878 | Lair:1   | Noticed Nergalle
 13892 | Lair:1   | Killed Nergalle
 13892 | Lair:1   | Received a gift from Trog
 14153 | Lair:1   | Found the +3 hat of Pondering {ponderous, MR+ MP+10 Int+5}
 14873 | Lair:2   | Found a hole to the Spider Nest.
 14899 | Lair:2   | Found a runed translucent door.
 14899 | Lair:2   | Noticed Esoasiq's ghost (journeyman DsGl)
 15046 | Lair:2   | Killed Esoasiq's ghost
 15088 | Lair:2   | Found a staircase to the Swamp.
 15105 | Lair:2   | Reached skill level 17 in Axes
 15358 | Lair:2   | Reached XP level 15. HP: 139/139 MP: 17/17
 16477 | Lair:4   | Received a gift from Trog
 16518 | Lair:4   | You fall into a shaft and drop 2 floors!
 16518 | Lair:6   | Entered Level 6 of the Lair of Beasts
 16735 | Lair:6   | Reached skill level 15 in Fighting
 16948 | Lair:4   | Reached skill level 15 in Armour
 17376 | Lair:4   | Received a gift from Trog
 18173 | Lair:5   | Found a staircase to the Slime Pits.
 18931 | Lair:6   | Found a runed translucent door.
 18965 | Lair:6   | Paralysed by a hornet for 1 turns
 19794 | Orc:1    | Entered Level 1 of the Orcish Mines
 19811 | Orc:1    | Received a gift from Trog
 19984 | Orc:2    | Entered Level 2 of the Orcish Mines
 20030 | Orc:2    | Noticed an orc warlord
 20043 | Orc:2    | Reached skill level 18 in Axes
 20046 | Orc:2    | Reached XP level 16. HP: 91/151 MP: 11/18
 20102 | Orc:2    | Found Cazupnad's Weapon Shop.
 20102 | Orc:2    | Found Dyit's Magic Scroll Shoppe.
 20103 | Orc:2    | Found Isho's Gadget Shoppe.
 20103 | Orc:2    | Found Suoligoen's General Store.
 20222 | Orc:2    | Bought a scroll of teleportation for 30 gold pieces
 20222 | Orc:2    | Bought a scroll of identify for 20 gold pieces
 20222 | Orc:2    | Bought a scroll of teleportation for 30 gold pieces
 20222 | Orc:2    | Bought a scroll of identify for 20 gold pieces
 20222 | Orc:2    | Bought a scroll of remove curse for 30 gold pieces
 20359 | Orc:2    | Received a gift from Trog
 20438 | Orc:2    | Found a staircase to the Elven Halls.
 20790 | Orc:1    | Found a radiant altar of Vehumet.
 21190 | Lair:1   | Upgraded the game from 0.25-a0-341-g6f074c887a to
                  | 0.25-a0-346-g140ab784a8
 21254 | Swamp:1  | Entered Level 1 of the Swamp
 21641 | Swamp:1  | Reached skill level 15 in Dodging
 22189 | Swamp:2  | Received a gift from Trog
 22778 | Swamp:2  | Noticed a thorn hunter
 22791 | Swamp:2  | Killed a thorn hunter
 23530 | Swamp:3  | Noticed a thorn hunter
 23541 | Swamp:3  | Killed a thorn hunter
 23543 | Swamp:3  | Found an ornate altar of the Wu Jian Council.
 23643 | Swamp:3  | Received a gift from Trog
 24131 | Swamp:4  | Entered Level 4 of the Swamp
 24152 | Swamp:4  | Reached skill level 19 in Axes
 24216 | Swamp:4  | Reached XP level 17. HP: 159/161 MP: 17/19
 24709 | Swamp:4  | Got a warped ring mail
 24710 | Swamp:4  | Identified the +1 ring mail of the World {+Blink Dex+7
                  | Stlth-} (You found it on level 4 of the Swamp)
 24838 | Swamp:4  | Reached ****** piety under Trog
 24838 | Swamp:4  | Received a gift from Trog
 24949 | Swamp:4  | Noticed the 27-headed Lernaean hydra
 24957 | Swamp:4  | Killed the 23-headed Lernaean hydra
 25174 | Swamp:4  | Got a decaying rune of Zot
 25522 | Spider:1 | Entered Level 1 of the Spider Nest
 26022 | Spider:1 | Received a gift from Trog
 26394 | Spider:2 | Noticed Arachne
 26409 | Spider:2 | Killed Arachne
 26781 | Spider:2 | Identified Roxanne's Handbook of Transmutation
 26781 | Spider:2 | Noticed Roxanne
 26791 | Spider:2 | Killed Roxanne
 26868 | Spider:2 | Received a gift from Trog
 27153 | Spider:3 | Noticed Mara
 27163 | Spider:3 | Noticed Borgoz's illusion
 27163 | Spider:3 | Noticed Bai Suzhen
 27172 | Spider:3 | Noticed Nikola
 27176 | Spider:3 | Noticed Borgoz's illusion
 27189 | Spider:3 | Killed Bai Suzhen
 27189 | Spider:3 | Reached XP level 18. HP: 37/172 MP: 4/20
 27192 | Spider:3 | Killed Nikola
 27192 | Spider:3 | Reached skill level 20 in Axes
 27193 | Spider:3 | HP: 8/259 [Borgoz's illusion (illusionary)[Mara] (23)]
 27408 | Spider:3 | Killed Mara
 27543 | Spider:3 | Received a gift from Trog
 27624 | Spider:3 | Noticed Donald
 27632 | Spider:3 | Killed Donald
 28143 | Spider:4 | Entered Level 4 of the Spider Nest
 28253 | Spider:4 | Received a gift from Trog
 28858 | Spider:4 | Received a gift from Trog
 29118 | Spider:4 | Paralysed by a hornet for 2 turns
 29430 | Spider:4 | Got a gossamer rune of Zot
 29876 | Vaults:1 | Entered Level 1 of the Vaults
 30181 | Vaults:1 | Reached XP level 19. HP: 163/182 MP: 16/21
 30450 | Vaults:1 | Received a gift from Trog
 30484 | Vaults:1 | Got a bloodstained flail
 30485 | Vaults:1 | Identified the cursed +1 flail of Laomokla {crush, Str+2}
                  | (You found it on level 1 of the Vaults)
 30977 | Vaults:1 | Found a runed translucent gate.
 30977 | Vaults:1 | Found a runed translucent gate.
 30977 | Vaults:1 | Found a runed translucent gate.
 30978 | Vaults:1 | Noticed Borgoz's ghost (adept GrGl)
 30984 | Vaults:1 | Noticed a Brimstone Fiend
 31017 | Vaults:1 | Killed Borgoz's ghost
 31208 | Vaults:1 | Got a heavily runed plate armour
 31209 | Vaults:1 | Identified the cursed +0 plate armour of Naip {Regen+ Str+4
                  | Int+5 Slay-4} (You found it on level 1 of the Vaults)
 31423 | Vaults:1 | Found Plog's Jewellery Emporium.
 31587 | Vaults:2 | Received a gift from Trog
 31653 | Vaults:2 | Reached skill level 21 in Axes
 31770 | Vaults:2 | Paralysed by a wizard for 5 turns
 32187 | Vaults:2 | You fall into a shaft and drop 2 floors!
 32343 | Vaults:2 | Received a gift from Trog
 32821 | Vaults:2 | Found a staircase to the Crypt.
 33054 | Vaults:3 | Cast into level 3 of the Abyss (a deep elf sorcerer)
 33120 | Abyss:3  | Got a dazzling mace
 33187 | Abyss:3  | Received a gift from Trog
 33187 | Abyss:3  | Reached skill level 10 in Shields
 33193 | Abyss:3  | Reached XP level 20. HP: 93/193 MP: 10/22
 33266 | Vaults:3 | Escaped the Abyss
 33664 | Vaults:3 | Received a gift from Trog
 34027 | Vaults:3 | Noticed Xtahua
 34044 | Vaults:3 | Killed Xtahua
 34078 | Vaults:3 | Noticed an ancient lich
 34092 | Vaults:3 | Killed an ancient lich
 34235 | Vaults:3 | Found a runed translucent gate.
 34235 | Vaults:3 | Found a runed translucent gate.
 34236 | Vaults:3 | Noticed an ancient lich
 34236 | Vaults:3 | Noticed Geloitur's ghost (veteran SpEE)
 34237 | Vaults:3 | Found a runed translucent gate.
 34237 | Vaults:3 | Noticed an ancient lich
 34237 | Vaults:3 | Noticed an ancient lich
 34350 | Vaults:3 | Received a gift from Trog
 34482 | Vaults:3 | Found an ancient bone altar of Kikubaaqudgha.
 34788 | Vaults:3 | Identified the cursed +0 mace of Iterch {flame, +Fly rF+
                  | rC+} (You found it on level 3 of the Abyss)
 35097 | Vaults:4 | Reached skill level 22 in Axes
 35286 | Vaults:4 | Reached XP level 21. HP: 170/202 MP: 18/23
 35298 | Vaults:4 | Received a gift from Trog
 35350 | Vaults:4 | Got a crystal war axe {god gift}
 35354 | Vaults:4 | Identified the +6 war axe of Valiance {chop, +Inv Str+7
                  | Dex+2} (Trog gifted it to you on level 4 of the Vaults)
 35863 | Vaults:4 | Found a runed translucent gate.
 35863 | Vaults:4 | Found a runed translucent gate.
 35863 | Vaults:4 | Found a runed translucent gate.
 35865 | Vaults:4 | Noticed Onaigh's ghost (adept NaAE)
 35865 | Vaults:4 | Identified the ring of Weaz {rN+ Str+5 Int+4 Dex-4}
 36198 | Vaults:4 | Found a roughly hewn altar of Beogh.
 36220 | Vaults:4 | Killed Onaigh's ghost
 36239 | Vaults:4 | Received a gift from Trog
 36279 | Vaults:4 | Identified a scroll of acquirement
 36281 | Vaults:4 | Found the +3 warlock's mirror {reflect}
 36306 | Vaults:4 | Got a transparent helmet
 36351 | Vaults:5 | Entered Level 5 of the Vaults
 36524 | Vaults:3 | Identified the +1 helmet of the Elven Halls {*Corrode
                  | Int+8} (You found it on level 4 of the Vaults)
 36591 | Vaults:3 | Killed an ancient lich
 36599 | Vaults:3 | Killed an ancient lich
 36600 | Vaults:3 | Killed an ancient lich
 36606 | Vaults:3 | Killed Geloitur's ghost
 36617 | Vaults:3 | Got a dazzling helmet
 36618 | Vaults:3 | Identified the +0 helmet "Hiageha" {+Inv rElec rPois} (You
                  | found it on level 3 of the Vaults)
 36623 | Vaults:3 | Got a vibrating lead ring
 36628 | Vaults:3 | Identified the ring "Zoem" {-Tele rElec rPois AC+4 Stlth+}
                  | (You found it on level 3 of the Vaults)
 36940 | D:8      | Found an iron altar of Okawaru.
 37117 | Vaults:1 | Bought an uncursed ring of protection from magic for 400
                  | gold pieces
 37117 | Vaults:1 | Bought the ring "Wiacung" {MR+ MP+9 Int+2} for 588 gold
                  | pieces
 37117 | Vaults:1 | Bought an uncursed ring of protection from fire for 400
                  | gold pieces
 37432 | Vaults:5 | Received a gift from Trog
 37669 | Vaults:5 | Reached XP level 22. HP: 133/213 MP: 17/24
 37689 | Vaults:5 | Identified the ring "Laloff" {MR++ MP+9 Int+3 Dex-3 Stlth+}
 37887 | Vaults:5 | Paralysed by an ogre mage for 5 turns
 38227 | Vaults:5 | Noticed an ancient lich
 38298 | Vaults:5 | Received a gift from Trog
 38299 | Vaults:5 | Found the +14 obsidian axe {chop, +Fly SInv *Curse}
 38315 | Vaults:4 | Killed an ancient lich
 38315 | Vaults:4 | Reached skill level 23 in Axes
 39202 | Vaults:5 | Got a silver rune of Zot
 39208 | Vaults:5 | Got a slimy ruby amulet
 39226 | Vaults:5 | Got a transparent great mace
 39563 | Vaults:5 | Got a serpentine bronze ring
 39862 | Vaults:5 | Identified the amulet of Weerroor {RegenMP +Fly} (You found
                  | it on level 5 of the Vaults)
 39867 | Vaults:5 | Identified the ring of Zeaquyrr {Wiz *Contam Str+2 Dex+3
                  | SInv} (You found it on level 5 of the Vaults)
 39877 | Vaults:5 | Identified the cursed +1 great mace of the Three Cities
                  | {pain, rPois} (You found it on level 5 of the Vaults)
 39883 | Vaults:5 | Found the +3 pair of gauntlets of War {Slay+5}
 39925 | Vaults:4 | Gained mutation: You are occasionally teleported next to
                  | monsters. [mutagenic glow]
 40321 | Elf:1    | Entered Level 1 of the Elven Halls
 40374 | Elf:1    | Received a gift from Trog
 40425 | Elf:1    | Found Ronokkaa's Jewellery Boutique.
 40427 | Elf:1    | Found Pogailac's Gadget Emporium.
 40429 | Elf:1    | Found Buehoe's Jewellery Boutique.
 40492 | Elf:1    | Found a portal to a secret trove of treasure.
 40500 | Trove    | Entered a treasure trove
 41833 | Elf:2    | Reached * piety under Trog
 41939 | Elf:2    | Found a runed translucent gate.
 41939 | Elf:2    | Found a runed translucent gate.
 41940 | Elf:2    | Found a runed translucent gate.
 42360 | Lair:1   | Gained mutation: Your flesh is cold resistant. (rC+)
                  | [potion of mutation]
 42360 | Lair:1   | Gained mutation: You have large cloven feet. [potion of
                  | mutation]
 42361 | Lair:1   | Lost mutation: You have large cloven feet. [potion of
                  | mutation]
 42361 | Lair:1   | Lost mutation: You are occasionally teleported next to
                  | monsters. [potion of mutation]
 42361 | Lair:1   | Lost mutation: Your flesh is cold resistant. (rC+) [potion
                  | of mutation]
 42361 | Lair:1   | Gained mutation: You expend magic power (3 MP) to
                  | strengthen your wands. [potion of mutation]
 42361 | Lair:1   | Gained mutation: You have sharp toenails. [potion of
                  | mutation]
 42361 | Lair:1   | Gained mutation: You are partially covered in yellow
                  | scales. (AC +2) [potion of mutation]
 42361 | Lair:1   | Gained mutation: You are agile. (Dex +2) [potion of
                  | mutation]
 42845 | Elf:2    | Reached skill level 15 in Shields
 42935 | Elf:3    | Entered Level 3 of the Elven Halls
 42971 | Elf:3    | Reached XP level 23. HP: 223/223 MP: 25/25
 43867 | Elf:3    | Identified the ring "Appe" {+Fly rPois rC+ MR+}
 43868 | Elf:3    | Identified the +2 buckler "Zoapiahu" {rElec Str+4}
 43907 | Elf:3    | Identified the ring of Sunlight {rF+ MR+}
 43907 | Elf:3    | Identified the +7 bardiche of Fouvydgh {freeze, rN+ Stlth+}
 43935 | Elf:3    | Identified the +9 war axe of the Six Queens {freeze, rPois
                  | Int+2 SInv}
 43993 | Elf:3    | Identified the ring of the Thistle {rElec EV+4 Dex+3}
 44037 | Elf:3    | Got a pitted ring mail
 44200 | Elf:3    | Identified the +3 ring mail of Good Intentions {rF- Int+3
                  | Stlth+} (You found it on level 3 of the Elven Halls)
 44273 | Elf:3    | Identified the ring of Cenlijo {rN+ rCorr}
 44290 | Elf:3    | Got a pair of shimmering gloves
 44301 | Elf:3    | Identified the +0 pair of gloves of Birdsong {*Slow Int+4
                  | SInv} (You found it on level 3 of the Elven Halls)
 44324 | Elf:3    | Got a pitted brass ring
 44935 | Lair:1   | Identified the ring "Wonapt" {Wiz Int+6 Dex+2} (You found
                  | it on level 3 of the Elven Halls)
 45365 | Elf:1    | Gained mutation: You are dopey. (Int -2) [mutagenic glow]
 45403 | Orc:2    | Gained mutation: You occasionally shout uncontrollably at
                  | your foes. [mutagenic glow]
 45507 | D:8      | Gained mutation: Scrolls take you a little longer to read.
                  | [mutagenic glow]
 45723 | Lair:1   | Lost mutation: You are dopey. (Int -2) [potion of mutation]
 45723 | Lair:1   | Lost mutation: You expend magic power (3 MP) to strengthen
                  | your wands. [potion of mutation]
 45723 | Lair:1   | Lost mutation: You occasionally shout uncontrollably at
                  | your foes. [potion of mutation]
 45723 | Lair:1   | Lost mutation: Scrolls take you a little longer to read.
                  | [potion of mutation]
 45723 | Lair:1   | Gained mutation: You have razor-sharp toenails. [potion of
                  | mutation]
 45955 | Crypt:1  | Entered Level 1 of the Crypt
 46019 | Crypt:1  | Received a gift from Trog
 46726 | Crypt:1  | Received a gift from Trog
 46973 | Crypt:2  | Reached skill level 1 in Staves
 46982 | Crypt:2  | Reached skill level 24 in Axes
 47820 | Crypt:3  | Entered Level 3 of the Crypt
 47827 | Crypt:3  | Received a gift from Trog
 47827 | Crypt:3  | Reached skill level 5 in Staves
 47873 | Crypt:3  | Reached XP level 24. HP: 153/233 MP: 18/25
 47876 | Crypt:3  | Found a staircase to the Tomb.
 48217 | Crypt:3  | Cast into level 5 of the Abyss (a lich)
 48217 | Abyss:5  | Entered Level 5 of the Abyss
 48217 | Abyss:5  | Found a corrupted altar of Lugonu.
 48284 | Abyss:5  | Found a corrupted altar of Lugonu.
 48285 | Abyss:5  | Found a corrupted altar of Lugonu.
 48303 | Abyss:5  | Received a gift from Trog
 48447 | Crypt:3  | Escaped the Abyss
 48538 | Crypt:3  | Found an ancient bone altar of Kikubaaqudgha.
 48583 | Crypt:3  | Noticed an ancient lich
 48603 | Crypt:3  | Killed an ancient lich
 48605 | Crypt:3  | Found the +8 demon blade "Bloodbane" {slice, *Rage +Rage
                  | Stlth-}
 48816 | Crypt:3  | Reached skill level 10 in Staves
 48829 | Crypt:3  | Received a gift from Trog
 49073 | Crypt:3  | Identified the +5 broad axe "Fotz" {chop, Str+6}
 49147 | Crypt:3  | Received a gift from Trog
 49404 | Tomb:1   | Entered Level 1 of the Tomb of the Ancients
 49850 | Tomb:1   | Noticed a greater mummy
 49865 | Tomb:1   | Killed a greater mummy
 49865 | Tomb:1   | Reached XP level 25. HP: 109/243 MP: 8/25
 50210 | Tomb:1   | Received a gift from Trog
 50213 | Tomb:1   | Got a transparent quarterstaff {god gift}
 50219 | Tomb:1   | Identified the +11 quarterstaff of Trog's Righteous Anger
                  | {crush, rPois Str+5 Int+2 Stlth-} (Trog gifted it to you on
                  | level 1 of the Tomb of the Ancients)
 50255 | Tomb:2   | Noticed an ancient lich
 50257 | Tomb:2   | Noticed an ancient lich
 50258 | Tomb:2   | Noticed a greater mummy
 50258 | Tomb:2   | Noticed a greater mummy
 50258 | Tomb:2   | Noticed an ancient lich
 50445 | Tomb:2   | Killed a greater mummy
 50457 | Tomb:2   | Reached skill level 25 in Axes
 50856 | Tomb:3   | Entered Level 3 of the Tomb of the Ancients
 50873 | Tomb:3   | Noticed a greater mummy
 50874 | Tomb:3   | Noticed a greater mummy
 50876 | Tomb:3   | Received a gift from Trog
 50881 | Tomb:3   | Found the +8 whip "Snakebite" {curare, rPois}
 50907 | Tomb:3   | HP: 9/245 [death scarab (8)]
 50909 | Tomb:3   | Slain by an ancient champion

Levels and vault maps discovered:
D:1:      dpeg_arrival_arbitrary_a, layout_basic, okawaru_ov_weapons_minmay
D:2:      layout_basic, uniq_sigmund, uniq_terence
D:3:      layout_loops_ring, marbit_many_paths, serial_bayou_pond_b,
          chequers_serial_rivers_micro_e, fedhas_ov_isle_minmay
D:4:      layout_loops_ring, elyvilon_altar_4, temple_statues, minivault_14,
          minmay_hedge_maze, trog_hazing_becter
D:5:      layout_basic, nicolae_gozag_zags_fifth_avenue, first_ration,
          grunt_ministairs_6, st_stairs_3, minmay_fractal_squares_diagonal_5
D:6:      layout_rooms, lemuel_doored_altar, dancing_weapons_uskayaw, uniq_pikel
D:7:      layout_loops_ring, grunt_dithmenos_shadows
D:8:      layout_rooms, nicolae_overflow_hidden_temple, dpeg_oklobed_lair
D:9:      layout_layer_cave, lemuel_coloured_pillars_altar,
          gammafunk_temple_overflow_wave, gammafunk_ghost_spectres,
          serial_shops, nicolae_shop_waterfront, uniq_grum
D:10:     layout_small_grid, hiddenorc1_lemuel, gammafunk_ghost_hive, uniq_sonja
D:11:     wander_river, layout_stronghold, basic_altar, grunt_pizzeria,
          minmay_guarded_unrand_variability, uniq_fannar
D:12:     layout_big_octagon, enter_bailey_6, basic_altar, tso_altar, uniq_urug
D:13:     layout_irregular_city
D:14:     layout_basic, david_vaults_3, grunt_decor_arrowhead, basic_altar,
          uniq_kirke, uniq_jorgrun, uniq_snorg
D:15:     gammafunk_depths_entry_grave, layout_loops_corners, serial_shops,
          nicolae_shop_temple_entry_statues_fountains, serial_bayou_pond_e
Lair:1:   layout_gridlike, serial_bayou_shore_a, uniq_nergalle, uniq_joseph
Lair:2:   layout_chaotic_city, skrybe_swamp_entry_bodies,
          nicolae_spider_entry_tight_spaces, gammafunk_ghost_grave,
          grunt_megastairs_3
Lair:3:   layout_cave_pods, lemuel_fruit_tree
Lair:4:   layout_cave_pods, st_stairs_6, eino_house_with_fridge,
          grunt_megastairs_1
Lair:5:   layout_big_grid, minmay_slime_entry_pillars, serial_bayou_pond_e,
          beast_lair_carwin_10
Lair:6:   wormcave, layout_cave_pods, serial_bayou_shore_b
Swamp:1:  layout_falls_marsh, serial_swamp_ruin, evilmike_swamp_ruin_house_4,
          evilmike_swamp_ruin_house_3, swamp_pool4, hangedman_swamp_muck
Swamp:2:  layout_falls_marsh, evilmike_swamp_ruin_house_6, swamp_pool4,
          nicolae_swamp_dense_foliage
Swamp:3:  layout_falls_marsh, nicolae_swamp_feature_on_the_river_bank,
          swamp_pool2
Swamp:4:  swamp_vile, layout_basic_swamp
Spider:1: layout_spider_delve
Spider:2: layout_spider_delve, zaba_antful_of_joy, uniq_roxanne, uniq_arachne
Spider:3: layout_spider_delve, drop_trap, nicolae_spider_webbed_stairs,
          uniq_donald, uniq_nikola, uniq_bai_suzhen, uniq_mara
Spider:4: grunt_spider_rune_island, drop_trap
Orc:1:    layout_caves, basic_altar
Orc:2:    st_orc_ogre_mass, layout_caves
Elf:1:    layout_geoelf_diagonals, enter_trove_1, minmay_elf_crystal_hexagon,
          drop_trap, kilobyte_mutagenic_chamber, minmay_shop_grove
Elf:2:    layout_loops_cross, nicolae_elf_glass_and_crystal_pillar_1,
          hangedman_corner_corridor
Elf:3:    elf_hall, layout_loops_cross
Vaults:1: gammafunk_vaults_ghost_necromancy, ontoclasm_vaults_fault, v_misc_32,
          grunt_vaults_hallway_short, nicolae_vaults_little_squares_1,
          vaults_room_pools, layout_vaults_omnigrid, serial_shops, shop
Vaults:2: grunt_vaults_focal, v_misc_18, hangedman_vaults_variations, v_misc_2,
          blue_anna_dwarven_crypt, ontoclasm_vaults_eye,
          vaults_standard_mumra_enter_the_diamond, grunt_vaults_funnel,
          ontoclasm_vaults_ring_square, serial_ice_m, serial_ice_g,
          ontoclasm_vaults_loading_screen, vaults_dpeg_cross,
          layout_vaults_omnicross
Vaults:3: gammafunk_vaults_ghost_crypt, v_pattern_4, v_misc_9, v_misc_19,
          vaults_mumra_minichess, vaults_standard_mumra_lines,
          hangedman_vaults_river_flow, nicolae_vaults_big_ls,
          ontoclasm_vaults_ring_small, nicolae_vaults_theta,
          nicolae_vaults_diagonal_hallway_8, layout_vaults_ring, uniq_xtahua
Vaults:4: biasface_vaults_ghost_orc_armoury, hangedman_vaults_hat,
          hangedman_vaults_stitches, v_alt_pattern_6, hangedman_vaults_cutoff,
          vaults_room_ringed_pool, ontoclasm_vaults_gateway,
          ontoclasm_vaults_decontamination, hangedman_vaults_stretched_pinwheel,
          v_misc_13, layout_vaults_big_room
Vaults:5
Crypt:1:  layout_rooms, special_room [special_room_morgue],
          grunt_crypt_arrival_split
Crypt:2:  layout_gridlike, moated_statue
Crypt:3:  church_of_pain_bobbens, layout_chaotic_city, st_chilly_death
Tomb:1
Tomb:2
Tomb:3

Skill      XL: |  1  2  3  4  5  6  7  8  9 10 11 12 13 14 15 16 17 18 19 20 21 22 23 24 25 |
---------------+----------------------------------------------------------------------------+-----
Axes           | 4 5 6 8 9 11 12 14 15 17 18 19 20 21 22 23 24 25 | 25.2
Fighting       | 4 5 6 7 8 9 11 12 13 14 16 17 18 19 20 21 22 23 24 | 24.1
Armour         | 3 4 6 8 9 10 11 13 14 15 16 18 19 20 21 22 23 24 | 24.0
Dodging        | 3 4 5 6 7 8 9 10 12 13 14 15 16 17 18 19 20 21 22 | 22.4
Shields        | 3 5 7 10 11 13 15 | 15.0
Evocations     | 2 4 5 |  5.0
Staves         | 5 12 14 | 14.0

Action                   |  1- 3 |  4- 6 |  7- 9 | 10-12 | 13-15 | 16-18 | 19-21 | 22-24 | 25-27 || total
-------------------------+-------+-------+-------+-------+-------+-------+-------+-------+-------++-------
Melee: Hand axe          |    62 |    94 |   368 |   253 |       |       |       |       |       ||   777
       Headbutt          |     6 |    15 |    63 |   101 |   258 |   305 |   383 |   420 |    49 ||  1600
       Broad axe         |       |       |       |   222 |   941 |   448 |   962 |   153 |       ||  2726
       Battleaxe         |       |       |       |       |       |   268 |       |       |       ||   268
       Executioner's axe |       |       |       |       |       |   498 |       |       |       ||   498
       War axe           |       |       |       |       |       |       |   235 |  1058 |   149 ||  1442
       Kick              |       |       |       |       |       |       |       |   537 |    88 ||   625
Invok: Berserk           |     1 |     2 |     4 |     8 |     6 |     6 |     5 |    10 |     1 ||    43
       Trog's Hand       |     1 |     2 |       |     2 |       |       |     4 |     2 |     3 ||    14
       Brothers in Arms  |       |       |       |       |       |       |       |       |     1 ||     1
 Abil: Evoke Flight      |       |       |       |     1 |       |       |       |       |       ||     1
Evoke: Wand              |       |       |       |    10 |       |     3 |       |       |       ||    13
  Use: Scroll            |       |       |     1 |    16 |     8 |    17 |     7 |    20 |     8 ||    77
       Potion            |       |       |       |     2 |       |       |     1 |     6 |    22 ||    31
 Stab: Sleeping          |       |     1 |       |       |       |       |       |       |       ||     1
       Held in net/web   |       |       |       |       |       |     1 |       |       |       ||     1
       Confused          |       |       |       |       |       |       |     2 |       |       ||     2
       Distracted        |       |       |       |       |       |       |     1 |     3 |       ||     4
       Paralysed         |       |       |       |       |       |       |       |     1 |       ||     1
       Invisible         |       |       |       |       |       |       |       |       |     1 ||     1
  Eat: Chunk             |       |     6 |    16 |    24 |    47 |    27 |    27 |    27 |       ||   174
       Ration            |       |       |     1 |       |     2 |     2 |     1 |     6 |     2 ||    14
Armor: Animal skin       |    12 |     6 |       |       |       |       |       |       |       ||    18
       Scale mail        |       |    29 |   162 |   110 |       |       |       |       |       ||   301
       Steam dragon scal |       |       |       |    46 |       |       |       |       |       ||    46
       Gold dragon scale |       |       |       |     4 |   480 |  1054 |   470 |   487 |   259 ||  2754
       Chain mail        |       |       |       |     3 |       |       |       |       |       ||     3
Dodge: Dodged            |    50 |    48 |   233 |   339 |   391 |  1031 |   528 |   729 |   573 ||  3922
Block: Buckler           |       |       |       |    51 |   198 |    51 |    94 |   649 |   190 ||  1233
       Shield            |       |       |       |       |       |    13 |   506 |       |       ||   519
       Reflection        |       |       |       |       |       |     2 |    62 |    96 |    21 ||   181

Table legend:
 A = Non-vault XP
 B = Vault XP
 C = Vault XP percentage of total XP
 D = Non-vault monster count
 E = Vault monster count
 F = Vault count percentage of total count
                 A         B        C        D         E       F
            +---------+---------+-------+---------+---------+-------
      Total |  569246 |  658346 |  53.6 |    1487 |     850 |  36.4
            +---------+---------+-------+---------+---------+-------
        D:1 |      43 |       0 |   0.0 |      22 |       0 |   0.0
        D:2 |     119 |     259 |  68.5 |      26 |       2 |   7.1
        D:3 |     155 |       5 |   3.1 |      40 |       2 |   4.8
        D:4 |     163 |      10 |   5.8 |       8 |       6 |  42.9
        D:5 |     303 |     353 |  53.8 |      11 |       8 |  42.1
        D:6 |    1747 |     685 |  28.2 |      20 |       1 |   4.8
        D:7 |     977 |     129 |  11.7 |      16 |       1 |   5.9
        D:8 |    2442 |       0 |   0.0 |      30 |       0 |   0.0
        D:9 |    4180 |    2379 |  36.3 |      41 |       9 |  18.0
       D:10 |    3159 |    2722 |  46.3 |      20 |      27 |  57.4
       D:11 |    9863 |    1390 |  12.4 |      40 |       4 |   9.1
       D:12 |    7813 |     839 |   9.7 |      37 |       1 |   2.6
       D:13 |    7940 |    1041 |  11.6 |      33 |       3 |   8.3
       D:14 |   10672 |   11576 |  52.0 |      46 |      21 |  31.3
       D:15 |   10260 |    4186 |  29.0 |      31 |       8 |  20.5
     Lair:1 |    3032 |    1262 |  29.4 |      12 |       2 |  14.3
     Lair:2 |   10319 |    3524 |  25.5 |      36 |      11 |  23.4
     Lair:3 |    4361 |       0 |   0.0 |      17 |       0 |   0.0
     Lair:4 |    5815 |    2440 |  29.6 |      26 |      17 |  39.5
     Lair:5 |    7932 |    4715 |  37.3 |      29 |      14 |  32.6
     Lair:6 |    5451 |    7192 |  56.9 |      22 |      19 |  46.3
    Swamp:1 |    6114 |    4739 |  43.7 |      17 |       8 |  32.0
    Swamp:2 |   14415 |       0 |   0.0 |      42 |       0 |   0.0
    Swamp:3 |   20554 |       0 |   0.0 |      46 |       0 |   0.0
    Swamp:4 |   15065 |   20749 |  57.9 |      34 |      28 |  45.2
   Spider:1 |   13106 |       0 |   0.0 |      34 |       0 |   0.0
   Spider:2 |    6692 |   11976 |  64.2 |      21 |      34 |  61.8
   Spider:3 |   27672 |   18251 |  39.7 |      85 |       4 |   4.5
   Spider:4 |   17256 |   24509 |  58.7 |      40 |      43 |  51.8
      Orc:1 |    3442 |       0 |   0.0 |      31 |       0 |   0.0
      Orc:2 |    4009 |   19248 |  82.8 |      21 |      37 |  63.8
      Elf:1 |   16986 |    3455 |  16.9 |      26 |       6 |  18.8
      Elf:2 |    3713 |   27566 |  88.1 |       6 |      37 |  86.0
      Elf:3 |   25549 |   35334 |  58.0 |      40 |      25 |  38.5
   Vaults:1 |   25589 |   15503 |  37.7 |      50 |      18 |  26.5
   Vaults:2 |   31456 |   15614 |  33.2 |      51 |      24 |  32.0
   Vaults:3 |   46541 |   72799 |  61.0 |      73 |      50 |  40.7
   Vaults:4 |   33333 |   86936 |  72.3 |      55 |      81 |  59.6
   Vaults:5 |   10609 |   65321 |  86.0 |      22 |      48 |  68.6
    Crypt:1 |   25419 |   19173 |  43.0 |      38 |      20 |  34.5
    Crypt:2 |   33251 |       0 |   0.0 |      42 |       0 |   0.0
    Crypt:3 |   24306 |   79195 |  76.5 |      27 |     112 |  80.6
     Tomb:1 |   14744 |   33886 |  69.7 |      26 |      30 |  53.6
     Tomb:2 |   13713 |   16032 |  53.9 |      27 |      25 |  48.1
     Tomb:3 |    2162 |   40016 |  94.9 |       9 |      42 |  82.4
    Abyss:3 |   11826 |     933 |   7.3 |      30 |       2 |   6.2
    Abyss:5 |   24978 |     322 |   1.3 |      31 |       1 |   3.1
     Bailey |       0 |    2082 | 100.0 |       0 |      19 | 100.0
            +---------+---------+-------+---------+---------+-------
